 Dungeon Crawl Stone Soup version 0.24.0-123-gd5b16e6ec5 (webtiles) character file.

Game seed: 10199696924070867154, levelgen mode: deterministic

866 FishyPogo the Cutter (level 8, -14/67 HPs)
             Began as a Gnoll Chaos Knight on Feb 8, 2020.
             Was a Plaything of Xom.
             Demolished by a hellwing (16 damage)
             ... summoned by the capriciousness of Xom
             ... in an ossuary.
             The game lasted 00:07:28 (3109 turns).

FishyPogo the Cutter (Gnoll Chaos Knight)           Turns: 3109, Time: 00:07:29

Health: -14/67     AC: -10   Str: 16    XL:     8   Next: 3%
Magic:  12/12      EV: 14    Int: 22    God:    Xom [..*...]
Gold:   196        SH:  0    Dex: 15    Spells: 12/12 levels left

rFire    . . .     SeeInvis .   a - +2 dagger (vamp)
rCold    . . .     Gourm    .   (no shield)
rNeg     . . .     Faith    .   b - +2 leather armour
rPois    .         Spirit   .   (helmet restricted)
rElec    .         Reflect  .   (no cloak)
rCorr    .         Harm     .   (no gloves)
MR       .....                  (no boots)
Stlth    ++........             (no amulet)
HPRegen  0.21/turn              n - +5 ring of intelligence
MPRegen  0.13/turn              (no ring)

@: corroded
A: distributed training, fangs 1, horns 1, clever 1, mutation resistance 1,
strong nose
a: Renounce Religion


You were in an ossuary.
You worshipped Xom.
You were a toy of Xom.
You were very hungry.

You visited 1 branch of the dungeon, and saw 4 of its levels.
You also visited: Ossuary.

You collected 196 gold pieces.

Inventory:

Hand Weapons
 a - a +2 vampiric dagger (weapon)
Missiles
 d - 105 stones (quivered)
 u - 43 poisoned darts
Armour
 b - a +2 leather armour (worn)
 e - a cursed +0 helmet
Jewellery
 n - a +5 ring of intelligence (left hand)
 t - an uncursed amulet of the acrobat {unknown}
 w - a +5 ring of intelligence
Scrolls
 f - 3 scrolls of immolation {unknown}
 g - a scroll of enchant armour {unknown}
 h - 2 scrolls of magic mapping {unknown}
 i - 2 scrolls of random uselessness {unknown}
 l - 3 scrolls of identify {unknown}
 q - 2 scrolls of teleportation
 r - a scroll of torment {unknown}
Potions
 j - 3 potions of brilliance {unknown}
 k - a potion of heal wounds {unknown}
 m - 3 potions of lignification {unknown}
 o - a potion of cancellation {unknown}
 p - 3 potions of degeneration {unknown}
 s - a potion of resistance {unknown}
 v - a potion of invisibility {unknown}
 x - a potion of might {unknown}
 z - a potion of agility {unknown}
 A - a potion of flight {unknown}
 B - a potion of berserk rage {unknown}
Comestibles
 c - 7 rations


   Skills:
 + Level 7.2 Fighting
 + Level 7.2 Short Blades
 + Level 2.8 Long Blades
 + Level 2.8 Axes
 + Level 2.8 Maces & Flails
 + Level 2.8 Polearms
 + Level 2.8 Staves
 + Level 2.8 Slings
 + Level 2.8 Bows
 + Level 2.8 Crossbows
 + Level 2.8 Throwing
 + Level 5.4 Armour
 + Level 3.9 Dodging
 + Level 2.8 Stealth
 + Level 2.8 Shields
 + Level 2.8 Unarmed Combat
 + Level 2.8 Spellcasting
 + Level 2.3 Conjurations
 + Level 2.3 Hexes
 + Level 2.3 Charms
 + Level 2.3 Summonings
 + Level 2.3 Necromancy
 + Level 2.3 Translocations
 + Level 2.3 Transmutations
 + Level 2.3 Fire Magic
 + Level 2.3 Ice Magic
 + Level 2.3 Air Magic
 + Level 2.3 Earth Magic
 + Level 2.3 Poison Magic
 + Level 3.1 Invocations
 + Level 2.8 Evocations


You had 12 spell levels left.
You didn't know any spells.
Your spell library was empty.

Dungeon Overview and Level Annotations

Branches:
Dungeon (4/15)            Ossuary (1/1)
 Temple: D:4-7

Altars:
Fedhas
Vehumet
Xom


Innate Abilities, Weirdness & Mutations

Your experience applies equally to all skills.
You have very sharp teeth.
Your uncanny sense of smell can sniff out nearby items.
You have a pair of small horns on your head.
Your mind is acute. (Int +2)
You are somewhat resistant to further mutation.


Message History

The stone hits the hellwing but does no damage.
The hellwing is engulfed in seething chaos.
The hellwing is engulfed in seething chaos.
The hellwing is engulfed in seething chaos.
The hellwing seems to speed up.
The hellwing is engulfed in seething chaos.
The hellwing swoops through the air toward you!
The hellwing closely misses you. The hellwing hits you!
* * * LOW HITPOINT WARNING * * *
The hellwing hits you.
* * * LOW HITPOINT WARNING * * *
The hellwing hits you!
* * * LOW HITPOINT WARNING * * *
Unknown command.
Really walk into that cloud of seething chaos?
Okay, then.
The hellwing is engulfed in seething chaos.
The hellwing hits you!
You die...
Xom howls with laughter!

..........# ...#
............. ...#
............. #..#
............. #..#
.∩∩..........##.∩#
.............##..#
..............#.§#
...............§4#
...............§@#
..........##..§..#
..........##.§...#
.................#
...........(.....#
#####.........####
..............#$$#
..∩...........+$$#
##################


You could see a hellwing.

Vanquished Creatures
  Sigmund (D:2)
  An elf zombie (D:4)
  3 elf skeletons (D:4)
  A human zombie (Ossuary)
  4 orc priests
  A human skeleton (D:4)
  An orc wizard (D:4)
  Natasha (twice) (D:3)
  A big kobold zombie (Ossuary)
  A hound zombie (Ossuary)
  3 mummies (Ossuary)
  A gnoll (D:2)
  2 adders
  2 adder zombies (Ossuary)
  2 adder skeletons (D:4)
  A worm (D:3)
  A dart slug (D:1)
  4 leopard geckos
  8 orcs
  3 bats (D:1)
  3 giant cockroaches
  A gnoll zombie (Ossuary)
  7 goblins
  6 hobgoblins
  4 jackals
  A quokka (D:4)
  3 ball pythons
  5 frilled lizards
  A hobgoblin zombie (Ossuary)
  A jackal zombie (Ossuary)
  5 kobolds
  A kobold zombie (Ossuary)
  2 orc zombies
  6 rats
  2 rat zombies (Ossuary)
91 creatures vanquished.

Vanquished Creatures (collateral kills)
  Natasha (D:3)
1 creature vanquished.

Grand Total: 92 creatures vanquished

Notes
Turn   | Place    | Note
-------+----------+-------------------------------------------
     0 | D:1      | FishyPogo the Gnoll Chaos Knight began the quest for the
                  | Orb.
     0 | D:1      | Reached XP level 1. HP: 23/23 MP: 1/1
   122 | D:1      | XOM: silly message
   187 | D:1      | XOM: potion effect (invisibility)
   196 | D:1      | XOM: harmless Erth miscast
   222 | D:1      | Reached XP level 2. HP: 26/29 MP: 2/2
   371 | D:1      | XOM: potion effect (invisibility)
   612 | D:1      | Reached XP level 3. HP: 35/35 MP: 3/3
   679 | D:1      | XOM: cloud trail
   833 | D:1      | XOM: god gift: leather armour {god gift}
  1066 | D:2      | Noticed Sigmund
  1071 | D:2      | XOM: fog
  1072 | D:2      | XOM: mild Erth miscast
  1075 | D:2      | XOM: cleaving
  1090 | D:2      | Killed Sigmund
  1090 | D:2      | Reached skill level 1 in Long Blades
  1090 | D:2      | Reached skill level 1 in Axes
  1090 | D:2      | Reached skill level 1 in Maces & Flails
  1090 | D:2      | Reached skill level 1 in Polearms
  1090 | D:2      | Reached skill level 1 in Staves
  1090 | D:2      | Reached skill level 1 in Slings
  1090 | D:2      | Reached skill level 1 in Bows
  1090 | D:2      | Reached skill level 1 in Crossbows
  1090 | D:2      | Reached skill level 1 in Throwing
  1090 | D:2      | Reached skill level 1 in Stealth
  1090 | D:2      | Reached skill level 1 in Shields
  1090 | D:2      | Reached skill level 1 in Unarmed Combat
  1090 | D:2      | Reached skill level 1 in Spellcasting
  1090 | D:2      | Reached skill level 1 in Conjurations
  1090 | D:2      | Reached skill level 1 in Hexes
  1090 | D:2      | Reached skill level 1 in Charms
  1090 | D:2      | Reached skill level 1 in Summonings
  1090 | D:2      | Reached skill level 1 in Necromancy
  1090 | D:2      | Reached skill level 1 in Translocations
  1090 | D:2      | Reached skill level 1 in Transmutations
  1090 | D:2      | Reached skill level 1 in Fire Magic
  1090 | D:2      | Reached skill level 1 in Ice Magic
  1090 | D:2      | Reached skill level 1 in Air Magic
  1090 | D:2      | Reached skill level 1 in Earth Magic
  1090 | D:2      | Reached skill level 1 in Poison Magic
  1090 | D:2      | Reached skill level 1 in Invocations
  1090 | D:2      | Reached skill level 1 in Evocations
  1090 | D:2      | Reached XP level 4. HP: 23/41 MP: 3/6
  1090 | D:2      | Reached XP level 5. HP: 27/47 MP: 3/7
  1259 | D:2      | Found a blossoming altar of Fedhas.
  1560 | D:2      | XOM is BORED!
  1720 | D:3      | Reached XP level 6. HP: 51/53 MP: 8/8
  1771 | D:3      | Noticed Natasha
  1775 | D:3      | XOM: scenery: create altars
  1777 | D:3      | XOM: scenery: create altars
  1779 | D:3      | XOM: god gift: scroll labeled UTRAFI GIJE {god gift}
  1784 | D:3      | XOM: summons 6 friendly demons
  1786 | D:3      | Killed Natasha
  1850 | D:2      | XOM: give mutations
  1850 | D:2      | Gained mutation: Your mind is acute. (Int +2) [Xom's grace]
  1850 | D:2      | Gained mutation: You are somewhat resistant to further
                  | mutation. [Xom's grace]
  1850 | D:2      | Gained mutation: You have a pair of small horns on your
                  | head. [Xom's grace]
  1859 | D:2      | XOM: polymorph orc -> gnoll
  1892 | D:3      | Reached skill level 5 in Armour
  1936 | D:3      | XOM: cleaving
  2074 | D:3      | Noticed Natasha
  2080 | D:3      | XOM: cast spell 'Cause Fear'
  2083 | D:3      | XOM: divination: detect creatures
  2089 | D:3      | Killed Natasha
  2106 | D:3      | XOM: harmless Chrm miscast
  2132 | D:3      | Noticed Natasha
  2140 | D:3      | XOM: potion effect (brilliance)
  2143 | D:3      | Killed Natasha
  2267 | D:3      | XOM: harmless Ice miscast
  2334 | D:4      | XOM: divination: detect creatures
  2342 | D:4      | Reached XP level 7. HP: 34/59 MP: 10/10
  2498 | D:4      | XOM: potion effect (invisibility)
  2528 | D:4      | XOM: divination: magic mapping
  2551 | D:4      | Found a radiant altar of Vehumet.
  2615 | D:4      | Found a sand-covered staircase.
  2643 | Ossuary  | Entered an ossuary
  2665 | Ossuary  | XOM: divination: detect creatures
  2846 | Ossuary  | XOM: cloud trail
  2864 | Ossuary  | Reached XP level 8. HP: 14/67 MP: 12/12
  3030 | Ossuary  | XOM: cloud trail
  3044 | Ossuary  | XOM: confuse monster(s)
  3083 | Ossuary  | XOM: medium Summ miscast
  3084 | Ossuary  | Noticed a rust devil
  3101 | Ossuary  | Noticed a hellwing
  3101 | Ossuary  | a rust devil changed into a hellwing
  3107 | Ossuary  | HP: 1/67 [hellwing[the capriciousness of Xom] (10)]
  3109 | Ossuary  | Demolished by a hellwing

Levels and vault maps discovered:
D:1:      wheals_arrival_linesprint, layout_basic, minmay_pentomino_s2
D:2:      layout_basic, marbit_many_paths, uniq_sigmund
D:3:      layout_rooms, first_ration, nrook_mini_vaults, uniq_natasha
D:4:      layout_basic, overflow_temple_1_default,
          nicolae_ossuary_entry_catacombs, trog_hazing_becter
Ossuary:  ossuary_minmay_tomb_2a

Skill      XL: |  1  2  3  4  5  6  7 |
---------------+----------------------+-----
Long Blades    | 1 2 |  2.8
Axes           | 1 2 |  2.8
Maces & Flails | 1 2 |  2.8
Polearms       | 1 2 |  2.8
Staves         | 1 2 |  2.8
Slings         | 1 2 |  2.8
Bows           | 1 2 |  2.8
Crossbows      | 1 2 |  2.8
Throwing       | 1 2 |  2.8
Dodging        | 3 |  3.9
Stealth        | 1 2 |  2.8
Shields        | 1 2 |  2.8
Unarmed Combat | 1 2 |  2.8
Spellcasting   | 1 2 |  2.8
Conjurations   | 1 2 |  2.3
Hexes          | 1 2 |  2.3
Charms         | 1 2 |  2.3
Summonings     | 1 2 |  2.3
Necromancy     | 1 2 |  2.3
Translocations | 1 2 |  2.3
Transmutations | 1 2 |  2.3
Fire Magic     | 1 2 |  2.3
Ice Magic      | 1 2 |  2.3
Air Magic      | 1 2 |  2.3
Earth Magic    | 1 2 |  2.3
Poison Magic   | 1 2 |  2.3
Invocations    | 1 2 3 |  3.1
Evocations     | 1 2 |  2.8
Armour         | 5 |  5.4
Fighting       | 7 |  7.2
Short Blades   | 7 |  7.2

Action                   |  1- 3 |  4- 6 |  7- 9 || total
-------------------------+-------+-------+-------++-------
Melee: Short sword       |    39 |       |       ||    39
       Bite              |     8 |    19 |    26 ||    53
       Dagger            |    50 |   147 |   176 ||   373
       Headbutt          |       |    18 |    53 ||    71
Throw: Stone             |       |       |     1 ||     1
  Use: Scroll            |       |     3 |       ||     3
 Stab: Invisible         |     3 |       |     3 ||     6
       Sleeping          |     1 |     1 |     1 ||     3
       Petrifying        |     1 |       |       ||     1
       Confused          |       |       |     1 ||     1
  Eat: Chunk             |       |     5 |     1 ||     6
Armor: Leather armour    |    20 |    36 |    24 ||    80
Dodge: Dodged            |    36 |    95 |    73 ||   204
